 Dungeon Sprint DCSS version 0.30.1-8-g117510f58f (webtiles) character file.

Game seed: 13614811806634360580

1643 Heoruswealwe the Impaler (level 8, -1/83 HPs)
             Began as a Minotaur Fighter on Sept 22, 2023.
             Was an Elder of the Shining One.
             Slain by a rakshasa
             ... wielding a +0 whip
              (12 damage)
             ... in the Dungeon (Sprint IX: "|||||||||||||||||||||||||||||").
             The game lasted 00:04:41 (349 turns).

Heoruswealwe the Impaler (Minotaur Fighter)          Turns: 349, Time: 00:04:42

Health: -1/83      AC: 23    Str: 26    XL:     8   Next: 67%
Magic:  7/7        EV:  9    Int:  5    God:    the Shining One [****..]
Gold:   0          SH:  0    Dex: 10    Spells: 7/7 levels left

rFire   . . .        b - +2 halberd (protect)
rCold   . . .        (shield currently unavailable)
rNeg    + + .        c - +1 chain mail
rPois   .            (helmet restricted)
rElec   .            (no cloak)
rCorr   .            f - +0 pair of gloves
SInv    .            e - +0 pair of boots
Will    .....        (no amulet) Stlth
                     k - +3 ring of strength
HPRegen 0.33/turn    (no ring)
MPRegen 0.10/turn

%: no teleportation
@: under a protective aura, glowing
A: horns 2, retaliatory headbutt
a: Renounce Religion, Divine Shield, Cleansing Flame


You were in the Dungeon.
You worshipped the Shining One.
The Shining One was greatly pleased with you.
You visited 1 branch

Inventory:

Hand Weapons
 a - a +0 trident
 b - a +2 halberd of protection (weapon)
Armour
 c - a +1 chain mail (worn)
 d - a +0 buckler
 e - a +0 pair of boots (worn)
 f - a +0 pair of gloves (worn)
Jewellery
 k - a +3 ring of strength (left hand)
Wands
 h - a wand of iceblast (10)
Scrolls
 j - 2 scrolls of blinking
Potions
 g - a potion of haste
 i - a potion of berserk rage
 m - 4 potions of curing
 n - a potion of might


   Skills:
 + Level 12.2 Fighting
 * Level 16.3 Polearms
 + Level 12.2 Armour
 - Level 3.6 Shields


You had 7 spell levels left.
You didn't know any spells.
Your spell library was empty.

Dungeon Overview and Level Annotations

Branches:
Dungeon (1/1)

Altars:
Cheibriados
Dithmenos
Elyvilon
Fedhas
Gozag
Hepliaklqana
Kikubaaqudgha
Makhleb
Nemelex Xobeh
Okawaru
Qazlal
Ru
Sif Muna
Trog
Uskayaw
Vehumet
Wu Jian
Xom
Yredelemnul
Zin
The Shining One
Jiyva
Lugonu


Innate Abilities, Weirdness & Mutations

You have a pair of horns on your head.
You reflexively headbutt those who attack you in melee.


Message History

* * * LOW HITPOINT WARNING * * *
You slash the rakshasa! Your headbutt misses the rakshasa.
The rakshasa is heavily wounded.
The meliai mumbles some strange prayers to its god against you.
Something smites you!
* * * LOW HITPOINT WARNING * * *
The meliai invokes the aid of its god against you.
Something smites you!
* * * LOW HITPOINT WARNING * * *
You feel much better. The rakshasa gestures at you.
The lance of force hits you!
* * * LOW HITPOINT WARNING * * *
You are knocked back by the lance of force.
You see here a +3 ring of dexterity.
There is an open door to the Dungeon, spattered with blood here.
Items here: ( ) [ †.
The rakshasa hits you but does no damage.
Things that are here:
a +0 spear; a +0 ring mail You hit the rakshasa.
You headbutt the rakshasa, but do no damage.
The rakshasa is heavily wounded.
The injured rakshasa weaves a defensive illusion!
You slash the rakshasa!
The rakshasa is severely wounded.
The rakshasa hits you but does no damage.
You slash the rakshasa!
The rakshasa is almost dead.
The rakshasa hits you with a +0 whip.
* * * LOW HITPOINT WARNING * * *
The meliai mumbles some strange prayers to its god against you.
Something smites you! The Shining One protects you from harm!
You hit the rakshasa.
The rakshasa is almost dead.
You barely miss the rakshasa.
The rakshasa is almost dead.
The rakshasa hits you with a +0 whip!
You die...

▓.▓
▓.▓
▓y▓
▓y▓
▓V▓
▓V▓
▓Q▓
▓R▓
▓@▓
▓[▓
▓=▓
▓.▓
▓.▓
▓.▓
▓.▓
▓[▓
▓)▓


You could see a rakshasa, a tengu warrior, 2 vampires and 2 meliai.

Vanquished Creatures
  A boulder beetle (D)
  An unseen horror (D)
  A troll (D)
  2 wraiths (D)
  A water moccasin (D)
  A kobold brigand (D)
  A gnoll sergeant (D)
  A jelly (D)
  An orc wizard (D)
  A worm (D)
  An orc (D)
  A giant cockroach (D)
  A jackal (D)
  A ball python (D)
  2 rats (D)
17 creatures vanquished.

Notes
Turn   | Place    | Note
-------+----------+-------------------------------------------
     0 | D        | Heoruswealwe the Minotaur Fighter began the quest for the
                  | Orb.
     0 | D        | Reached XP level 1. HP: 19/19 MP: 0/0
    10 | D        | Reached skill level 3 in Polearms
    20 | D        | Noticed a water moccasin
    20 | D        | Noticed a jelly
    20 | D        | Noticed an orc wizard
    25 | D        | Killed an orc wizard
    26 | D        | Reached skill level 5 in Fighting
    26 | D        | Reached skill level 5 in Polearms
    26 | D        | Reached skill level 5 in Armour
    26 | D        | Reached XP level 2. HP: 28/29 MP: 1/1
    26 | D        | Reached XP level 3. HP: 35/36 MP: 2/2
    28 | D        | Reached skill level 6 in Polearms
    43 | D        | Killed a water moccasin
    44 | D        | Reached skill level 9 in Polearms
    44 | D        | Reached XP level 4. HP: 13/47 MP: 3/3
    44 | D        | Reached XP level 5. HP: 14/52 MP: 4/4
    53 | D        | Found a snail-covered altar of Cheibriados.
    53 | D        | Found a shadowy altar of Dithmenos.
    53 | D        | Found a white marble altar of Elyvilon.
    53 | D        | Found a blossoming altar of Fedhas.
    53 | D        | Found an opulent altar of Gozag.
    54 | D        | Found a hazy altar of Hepliaklqana.
    55 | D        | Found a viscous altar of Jiyva.
    56 | D        | Found an ancient bone altar of Kikubaaqudgha.
    57 | D        | Found a corrupted altar of Lugonu.
    58 | D        | Found a burning altar of Makhleb.
    59 | D        | Found a sparkling altar of Nemelex Xobeh.
    60 | D        | Found an iron altar of Okawaru.
    61 | D        | Found a stormy altar of Qazlal.
    62 | D        | Found a sacrificial altar of Ru.
    63 | D        | Found a shimmering blue altar of Sif Muna.
    64 | D        | Found a bloodstained altar of Trog.
    65 | D        | Found a hide-covered altar of Uskayaw.
    66 | D        | Found a radiant altar of Vehumet.
    67 | D        | Found an ornate altar of the Wu Jian Council.
    68 | D        | Found a shimmering altar of Xom.
    69 | D        | Found a basalt altar of Yredelemnul.
    70 | D        | Found a glowing silver altar of Zin.
    71 | D        | Found a glowing golden altar of the Shining One.
    79 | D        | Became a worshipper of the Shining One
   211 | D        | Noticed a wraith
   211 | D        | Noticed a troll
   211 | D        | Reached * piety under the Shining One
   211 | D        | Noticed a wraith
   219 | D        | Killed a wraith
   219 | D        | Reached ** piety under the Shining One
   220 | D        | Reached skill level 11 in Polearms
   220 | D        | Reached XP level 6. HP: 50/62 MP: 5/5
   225 | D        | Reached skill level 12 in Polearms
   229 | D        | Killed a troll
   229 | D        | Noticed an unseen horror
   230 | D        | Reached skill level 10 in Fighting
   230 | D        | Reached skill level 13 in Polearms
   230 | D        | Reached skill level 10 in Armour
   230 | D        | Reached XP level 7. HP: 53/72 MP: 6/6
   235 | D        | Killed a wraith
   236 | D        | Reached skill level 14 in Polearms
   238 | D        | Killed an unseen horror
   239 | D        | Reached XP level 8. HP: 55/82 MP: 7/7
   313 | D        | Noticed a meliai
   313 | D        | Reached *** piety under the Shining One
   313 | D        | Noticed a tengu warrior
   313 | D        | Noticed a rakshasa
   313 | D        | Reached **** piety under the Shining One
   313 | D        | Noticed a boulder beetle
   324 | D        | Killed a boulder beetle
   325 | D        | Reached skill level 16 in Polearms
   340 | D        | HP: 1/83 [meliai/divine providence (12)]
   347 | D        | The Shining One protects you from harm!
   349 | D        | Slain by a rakshasa

Illustrated notes

Levels and vault maps discovered:
D:        linesprint [early_d, line_temple, items_1, d_10, items_2, lair_1,
          lair_end, items_3, orc_1, orc_end, items_4, d_15, swamp_1, shoals_1,
          snake_1, spider_1, d_20, vaults_1, items_5, swamp_end, shoals_end,
          snake_end, spider_end, vaults_end, d_27, items_6, zot_1, zot_end,
          crypt_end, forest_end, elf_end, slime_end, tomb_end, abyss_end,
          pan_hell_end]

Skill      XL: |  1  2  3  4  5  6  7  8 |
---------------+-------------------------+-----
Polearms       | 5 9 11 13 14 16 | 16.3
Fighting       | 5 7 8 10 11 12 | 12.2
Armour         | 5 7 8 10 11 12 | 12.2
Shields        | |  3.6

Action                     |  1- 3 |  4- 6 |  7- 9 || total
---------------------------+-------+-------+-------++-------
  Melee: Trident           |    31 |     3 |       ||    34
         Headbutt          |     3 |     8 |     4 ||    15
         Halberd           |       |    16 |    34 ||    50
    Use: Potion            |     1 |       |     3 ||     4
 Armour: Scale mail        |     8 |       |       ||     8
         Chain mail        |       |    13 |    12 ||    25
  Dodge: Dodged            |    10 |    11 |     6 ||    27
  Block: Buckler           |     6 |       |       ||     6
